AoeStats
← Villain

Pilgrims

507520062Analyzed
2v2 RM · 14d ago on Sep 18, 2026· 27m 43s· 4 players
Game mode
Random Map
Map size
Medium (4 player)
Population
200
Speed
Normal
Resources
Standard
Victory
Conquest
Starting age
Dark Age
Ending age
Imperial Age
RankedLock teamsTeams togetherTeam positionsShared explorationLock speedFull tech treeHidden civsTurbo modeCheats
Victory
Defeat
🇫🇷 Persians · France
1002
+16
🇲🇳 Italians · Mongolia
1000
+48
🇪🇸 Slavs · Spain
1037
-17
🇪🇸 Saracens · Spain
979
-15
sarfaoui4
5:19 Loom
8:32 Feudal Age
9:40 Double-Bit Axe
11:06 Wheelbarrow
15:01 Castle Age
15:21 Bloodlines
15:23 Forging
22:11 Husbandry
24:09 Scale Barding Armor
Villain
13:08 Feudal Age
11:24 Loom
14:03 Town Watch
17:37 Castle Age
15:38 Stone Mining
16:29 Gold Mining
19:05 Sanctity
18:50 Double-Bit Axe
27:47 Wheelbarrow
Padre Ataulfo Remy
5:22 Loom
10:59 Feudal Age
11:54 Town Watch
16:03 Fishing Lines
19:00 Castle Age
17:07 Double-Bit Axe
20:20 Wheelbarrow
20:49 Medium Warships
20:29 Gillnets
22:46 Town Patrol
_Panelló
4:21 Loom
10:34 Feudal Age
17:45 Castle Age
24:21 Bloodlines
24:12 Husbandry
25:34 Scale Barding Armor
25:40 Forging
Connection lost

Rejoining the realm…

Still unreachable

The connection could not be restored.

Session expired

The server has moved on; the page needs a fresh start.